[Event "ICC tourney 2357 (30 5)"]
[Site "Internet Chess Club"]
[Date "2021.01.30"]
[Round "1"]
[White "Rafaelab"]
[Black "TinoPps281"]
[Result "1-0"]
[ICCResult "Black checkmated"]
[WhiteElo "445"]
[BlackElo "744"]
[Opening "Scotch opening"]
[ECO "C44"]
[NIC "KP.10"]
[Time "10:26:00"]
[PlyCount "79"]
[TimeControl "1800+5"]

1. e4 e5 2. Nf3 Nc6 3. d4 d6 4. dxe5 dxe5 5. Qxd8+ Nxd8 6. Nxe5 Nf6 7. Bd3
Bd6 8. Nf3 Bg4 9. e5 Bxf3 10. exf6 Bxg2 11. Rg1 Bd5 12. fxg7 Rg8 13. Nc3
Ne6 14. Nxd5 Rxg7 15. Rxg7 Nxg7 16. Nf6+ Kf8 17. Nxh7+ Ke8 18. Bh6 Be5 19.
O-O-O Rd8 20. Re1 Rd5 21. Bxg7 Kd7 22. Bxe5 c6 23. Nf6+ Ke6 24. Nxd5 Kxd5
25. h4 c5 26. h5 c4 27. h6 cxd3 28. h7 d2+ 29. Kxd2 f6 30. Bxf6 b5 31. h8=Q
b4 32. Qa8+ Kc4 33. Qxa7 b3 34. Qd4+ Kb5 35. Re5+ Kc6 36. Qc5+ Kd7 37. Qd4+
Kc6 38. Rc5+ Kb6 39. Qb4+ Ka6 40. Ra5# { Black checkmated } 1-0

[Event "ICC tourney 2357 (30 5)"]
[Site "Internet Chess Club"]
[Date "2021.01.30"]
[Round "1"]
[White "lievicc"]
[Black "Grahamserickson"]
[Result "1-0"]
[ICCResult "Black checkmated"]
[WhiteElo "835"]
[BlackElo "555"]
[Opening "Scotch: Göring gambit"]
[ECO "C21"]
[NIC "KP.04"]
[Time "10:25:49"]
[PlyCount "113"]
[TimeControl "1800+5"]

1. e4 e5 2. d4 exd4 3. c3 Nc6 4. Nf3 dxc3 5. Bc4 Nf6 6. e5 Ne4 7. Qd5 Qe7
8. Qxe4 d6 9. O-O dxe5 10. Nxc3 Qc5 11. Re1 Bd6 12. Bf4 f5 13. Qd5 Qxd5 14.
Bxd5 Ne7 15. Bxe5 Bxe5 16. Rxe5 f4 17. Rae1 Kd8 18. Rxe7 c6 19. Be6 Bxe6
20. R7xe6 Kc7 21. Na4 b5 22. Re7+ Kd6 23. R1e6+ Kd5 24. Nc3+ Kc5 25. Re5+
Kb6 26. Rh5 Rae8 27. Rxe8 Rxe8 28. h3 c5 29. Rxh7 a6 30. Rxg7 Ka5 31. h4 b4
32. Nd5 c4 33. h5 Ka4 34. Ra7 a5 35. h6 b3 36. axb3+ Kxb3 37. Nd2+ Kxb2 38.
Nxc4+ Kb3 39. Nxa5+ Kc2 40. h7 Rh8 41. Nf6 Kd2 42. Rg7 Ke2 43. g3 f3 44.
Rg8 Rxg8 45. hxg8=Q Ke1 46. Qe8+ Kd1 47. Qe3 Kc2 48. Qd4 Kc1 49. Qd3 Kb2
50. Qc4 Ka3 51. Qb5 Ka2 52. Qb4 Ka1 53. Kf1 Ka2 54. Ke1 Ka1 55. Kd2 Ka2 56.
Kc2 Ka1 57. Qb2# { Black checkmated } 1-0

[Event "ICC tourney 2357 (30 5)"]
[Site "Internet Chess Club"]
[Date "2021.01.30"]
[Round "1"]
[White "Isaac2021"]
[Black "TabithaP"]
[Result "1-0"]
[ICCResult "Black checkmated"]
[WhiteElo "853"]
[BlackElo "559"]
[Opening "Scotch opening"]
[ECO "C44"]
[NIC "KP.10"]
[Time "10:25:36"]
[PlyCount "181"]
[TimeControl "1800+5"]

1. e4 e5 2. Nf3 Nc6 3. d4 d6 4. d5 Nd4 5. Nxd4 exd4 6. Qxd4 Nf6 7. Nc3 c5
8. Qd1 b6 9. Bb5+ Bd7 10. Bxd7+ Qxd7 11. Be3 Be7 12. Qe2 O-O 13. O-O-O a6
14. h4 Ng4 15. Bf4 Ne5 16. Rdg1 Qd8 17. g4 Bxh4 18. f3 Ng6 19. Bd2 Rb8 20.
Rf1 b5 21. Qe3 a5 22. f4 b4 23. Ne2 a4 24. f5 Bg5 25. Qxg5 Qxg5 26. Bxg5 a3
27. fxg6 axb2+ 28. Kxb2 fxg6 29. Nf4 c4 30. Be7 Rf7 31. Bxd6 c3+ 32. Kb3
Rb6 33. Bc5 Rb5 34. Ne6 g5 35. Rf2 h6 36. Rhf1 Rxf2 37. Rxf2 Kh7 38. Rh2
Kg6 39. Kc4 Rb7 40. Rf2 h5 41. Nf8+ Kh6 42. gxh5 Kxh5 43. Rh2+ Kg4 44. Rg2+
Kf4 45. Kd4 g4 46. Ne6+ Kf3 47. Rg1 g5 48. Nxg5+ Kf4 49. Ne6+ Kf3 50. Ke5
g3 51. Ng5+ Kg4 52. Ne6 Rb5 53. Bd4 Kh3 54. Ng5+ Kh2 55. Nf3+ Kh3 56. Ng5+
Kh2 57. Kf4 b3 58. axb3 Rb4 59. Rxg3 Rxd4 60. Rxc3 Rd2 61. e5 Rf2+ 62. Kg4
Rg2+ 63. Kh5 Kh1 64. e6 Rh2+ 65. Rh3 Rxh3+ 66. Nxh3 Kg2 67. e7 Kxh3 68.
e8=Q Kg3 69. Qg8+ Kf2 70. Qf7+ Ke3 71. Qe6+ Kd2 72. Qe4 Kc3 73. d6 Kb2 74.
Qd3 Kc1 75. c4 Kb2 76. Kg4 Ka3 77. c5 Kb4 78. c6 Kc5 79. c7 Kc6 80. Kf4 Kc5
81. Ke5 Kc6 82. b4 Kb7 83. b5 Kc8 84. b6 Kb7 85. Qd4 Kc8 86. d7+ Kb7 87.
d8=Q Kc6 88. Qc3+ Kb5 89. Qd5+ Ka6 90. Qa3+ Kxb6 91. Qaa5# { Black
checkmated } 1-0

[Event "ICC tourney 2357 (30 5)"]
[Site "Internet Chess Club"]
[Date "2021.01.30"]
[Round "1"]
[White "ZoeQ300"]
[Black "connorp9"]
[Result "1-0"]
[ICCResult "Black checkmated"]
[WhiteElo "560"]
[BlackElo "866"]
[Opening "Giuoco Pianissimo"]
[ECO "C50"]
[NIC "IG.02"]
[Time "10:25:35"]
[PlyCount "69"]
[TimeControl "1800+5"]

1. e4 e5 2. Nf3 Nc6 3. Bc4 Bc5 4. d3 Nf6 5. Be3 Bb4+ 6. c3 Ba5 7. d4 exd4
8. e5 dxe3 9. fxe3 Qe7 10. exf6 Qxe3+ 11. Be2 gxf6 12. Qd5 Bb6 13. Nbd2
Qf2+ 14. Kd1 Qxg2 15. Bc4 Nd8 16. Re1+ Ne6 17. Nd4 Bxd4 18. cxd4 Qg4+ 19.
Kc1 c6 20. Qd6 Qh4 21. Nf3 Qf2 22. Be2 Qe3+ 23. Kd1 Nf4 24. Bc4 Qxe1+ 25.
Kxe1 Rg8 26. Kd2 Rg2+ 27. Ke3 Ne6 28. d5 cxd5 29. Bxd5 Rxb2 30. Nd4 Nxd4
31. Kxd4 a5 32. Qxf6 Rb4+ 33. Bc4 b5 34. Re1+ Kf8 35. Qxf7# { Black
checkmated } 1-0

[Event "ICC tourney 2357 (30 5)"]
[Site "Internet Chess Club"]
[Date "2021.01.30"]
[Round "1"]
[White "YuriQ300"]
[Black "SeverusSnape18"]
[Result "0-1"]
[ICCResult "White checkmated"]
[WhiteElo "892"]
[BlackElo "570"]
[Opening "Ruy Lopez: Caro variation"]
[ECO "C70"]
[NIC "RL.09"]
[Time "10:25:27"]
[PlyCount "90"]
[TimeControl "1800+5"]

1. e4 e5 2. Nf3 Nc6 3. Bb5 a6 4. Ba4 b5 5. Bb3 Nf6 6. d3 h6 7. c3 Be7 8.
O-O d6 9. Be3 Bg4 10. Re1 O-O 11. Nbd2 Qd7 12. Nf1 a5 13. h3 Bh5 14. Ng3
Bxf3 15. Qxf3 a4 16. Bc2 Nh7 17. Rad1 Bg5 18. Bxg5 Nxg5 19. Qe3 Qe6 20. d4
exd4 21. cxd4 Qd7 22. d5 Ne5 23. Rf1 Nc4 24. Qc3 Rfe8 25. b3 axb3 26. Bxb3
Ne5 27. f4 Nxh3+ 28. gxh3 Ng6 29. Nh5 f6 30. f5 Ne5 31. Rd2 Qf7 32. Nf4 Nd7
33. Qd3 Nc5 34. Qd4 Rxe4 35. Qb2 Nxb3 36. Qxb3 Raa4 37. Qxb5 Rxf4 38. Rxf4
Rxf4 39. Qb8+ Kh7 40. Qc8 Qh5 41. Qa6 Qg5+ 42. Kh2 Rf3 43. Qe2 Qg3+ 44. Kh1
Qxh3+ 45. Qh2 Rf1# { White checkmated } 0-1

[Event "ICC tourney 2357 (30 5)"]
[Site "Internet Chess Club"]
[Date "2021.01.30"]
[Round "1"]
[White "SABXMSJoel"]
[Black "jakemakecake"]
[Result "0-1"]
[ICCResult "White checkmated"]
[WhiteElo "804"]
[BlackElo "525"]
[Opening "Sicilian: Labourdonnais-Löwenthal variation"]
[ECO "B32"]
[NIC "SI.32"]
[Time "10:25:49"]
[PlyCount "74"]
[TimeControl "1800+5"]

1. e4 c5 2. Nf3 Nc6 3. d4 cxd4 4. Nxd4 e5 5. Nxc6 dxc6 6. Bc4 Qxd1+ 7. Kxd1
Bc5 8. Ke1 Nf6 9. Nc3 O-O 10. h3 b5 11. Bd3 b4 12. Ne2 Be6 13. Bd2 Rfd8 14.
Kf1 a5 15. Ke1 Bd4 16. Nxd4 exd4 17. a3 c5 18. axb4 axb4 19. Rxa8 Rxa8 20.
Ke2 c4 21. Bxb4 cxd3+ 22. cxd3 h5 23. Rc1 Ra2 24. Rc2 Bb3 25. Rd2 Nd7 26.
Ba3 Nb6 27. f3 Na4 28. Ke1 Ra1+ 29. Ke2 Nc3+ 30. Kf2 Nb1 31. Re2 Nxa3 32.
bxa3 Rxa3 33. Kg3 g5 34. Rb2 Kg7 35. Rb1 Kh6 36. Rc1 h4+ 37. Kg4 Be6# {
White checkmated } 0-1

[Event "ICC tourney 2357 (30 5)"]
[Site "Internet Chess Club"]
[Date "2021.01.30"]
[Round "1"]
[White "LionsFreyaC"]
[Black "Lucasthegreat12"]
[Result "0-1"]
[ICCResult "White checkmated"]
[WhiteElo "166"]
[BlackElo "678"]
[Opening "Robatsch (modern) defense"]
[ECO "B06"]
[NIC "KF.06"]
[Time "10:25:29"]
[PlyCount "104"]
[TimeControl "1800+5"]

1. e4 g6 2. d4 d6 3. Nf3 Bg7 4. Be3 Nd7 5. Nc3 h6 6. Bc4 e6 7. h3 a6 8. O-O
b5 9. Bb3 Bb7 10. d5 e5 11. a4 bxa4 12. Bxa4 Rc8 13. h4 c5 14. h5 g5 15.
Bxd7+ Qxd7 16. Nh2 Nf6 17. f3 Nxh5 18. Ng4 Nf6 19. Nxf6+ Bxf6 20. f4 exf4
21. Bd2 O-O 22. Qh5 Bg7 23. g3 fxg3 24. Rf5 f6 25. Qg6 Qf7 26. Qxf7+ Rxf7
27. Raf1 Rcf8 28. e5 fxe5 29. Rxf7 Rxf7 30. Ra1 Rf2 31. Nd1 Rxd2 32. Ne3
Re2 33. Ra3 e4 34. Kf1 Rf2+ 35. Kg1 Bxb2 36. Rb3 Bd4 37. c3 Bxe3 38. c4
Re2+ 39. Kf1 Rf2+ 40. Ke1 Bd2+ 41. Kd1 Bf4 42. Rxb7 Rd2+ 43. Kc1 Rxd5+ 44.
Kc2 Rd2+ 45. Kb3 g2 46. Rb8+ Kg7 47. Rb7+ Kg6 48. Rb8 g1=Q 49. Rg8+ Kh5 50.
Ka4 Qa1+ 51. Kb3 Qb2+ 52. Ka4 Qa2# { White checkmated } 0-1

[Event "ICC tourney 2357 (30 5)"]
[Site "Internet Chess Club"]
[Date "2021.01.30"]
[Round "1"]
[White "ivanachan"]
[Black "stanikbenes"]
[Result "0-1"]
[ICCResult "White checkmated"]
[WhiteElo "765"]
[BlackElo "472"]
[Opening "QGD: 4.Nf3"]
[ECO "D37"]
[NIC "QO.16"]
[Time "10:25:25"]
[PlyCount "126"]
[TimeControl "1800+5"]

1. d4 d5 2. c4 e6 3. Nc3 Nf6 4. Nf3 Nc6 5. Bg5 h6 6. Bf4 dxc4 7. e3 Bb4 8.
a3 Ba5 9. b4 Bb6 10. Bxc4 O-O 11. O-O Nd5 12. Nxd5 exd5 13. Bb3 Bg4 14. h3
Bh5 15. Bc2 Re8 16. Bd3 a6 17. Be2 Qe7 18. Ne5 Bxe2 19. Qxe2 Nxe5 20. Bxe5
a5 21. Qg4 Qg5 22. Qd7 Qd8 23. Qf5 Qg5 24. Qf3 axb4 25. Bg3 bxa3 26. h4 Qd8
27. Qg4 Qc8 28. Qf3 Qd7 29. Bf4 c5 30. Qg3 cxd4 31. Bxh6 g6 32. h5 Qf5 33.
hxg6 Qxg6 34. Bg5 Bd8 35. Bf4 Qxg3 36. Bxg3 dxe3 37. fxe3 Rxe3 38. Bf2 Re2
39. Bc5 Be7 40. Bd4 Re4 41. Bb2 Rea4 42. Bc3 f6 43. Bxf6 Bxf6 44. Rxf6 Rf8
45. Rg6+ Kf7 46. Rg3 Rfa8 47. Rf3+ Kg6 48. Rg3+ Kf5 49. Rf1+ Ke4 50. Re1+
Kf4 51. Rf3+ Kg4 52. Re7 Rg8 53. Ref7 a2 54. R7f4+ Rxf4 55. Ra3 d4 56. Rxa2
d3 57. Rd2 Rd8 58. Kh2 b5 59. g3 Rf3 60. Kg2 Rxg3+ 61. Kf2 Rf8+ 62. Ke1
Re3+ 63. Kd1 Rf1# { White checkmated } 0-1

[Event "ICC tourney 2357 (30 5)"]
[Site "Internet Chess Club"]
[Date "2021.01.30"]
[Round "1"]
[White "MYMSSolinaChess"]
[Black "ahemphill"]
[Result "1-0"]
[ICCResult "Black checkmated"]
[WhiteElo "779"]
[BlackElo "484"]
[Opening "Giuoco Pianissimo"]
[ECO "C50"]
[NIC "IG.02"]
[Time "10:26:14"]
[PlyCount "91"]
[TimeControl "1800+5"]

1. e4 e5 2. Nf3 Nc6 3. Bc4 Bc5 4. d3 d6 5. O-O Nf6 6. Ng5 O-O 7. Nd2 Ng4 8.
Nh3 Nd4 9. c3 Ne6 10. Qxg4 Ng5 11. Qh5 Nxh3+ 12. gxh3 g6 13. Qf3 Qg5+ 14.
Qg2 Qf4 15. Nf3 Qf6 16. Bg5 Qg7 17. Qg3 h6 18. Bd2 Bd7 19. b4 b5 20. Bd5
Bxb4 21. Bxa8 Rxa8 22. cxb4 Re8 23. Be3 Re6 24. Bxa7 Rf6 25. Rac1 c6 26.
Ra1 h5 27. Rfc1 g5 28. Nxg5 Rg6 29. Qh4 Rxg5+ 30. Kf1 Rg1+ 31. Ke2 Bg4+ 32.
hxg4 Rxg4 33. Qxh5 Rg5 34. Qh3 Qg6 35. Qc8+ Kg7 36. Rxc6 Qh5+ 37. f3 Rg2+
38. Bf2 Qxh2 39. Rf1 Qg3 40. Rxd6 Rh2 41. Rd8 Rh3 42. Bxg3 Rxg3 43. Rg8+
Kf6 44. Rxg3 Ke7 45. Qc5+ Kf6 46. Qd6# { Black checkmated } 1-0

[Event "ICC tourney 2357 (30 5)"]
[Site "Internet Chess Club"]
[Date "2021.01.30"]
[Round "1"]
[White "PlanetAntMan"]
[Black "RJMagnus"]
[Result "0-1"]
[ICCResult "White checkmated"]
[WhiteElo "756"]
[BlackElo "464"]
[Opening "Two knights defense"]
[ECO "C58"]
[NIC "KP.01"]
[Time "10:25:49"]
[PlyCount "192"]
[TimeControl "1800+5"]

1. e4 e5 2. Nf3 Nc6 3. Bc4 Nf6 4. Ng5 d5 5. exd5 Na5 6. Bb5+ Bd7 7. Bxd7+
Qxd7 8. O-O Qxd5 9. Nc3 Qd7 10. d3 Be7 11. Nf3 O-O 12. Bg5 Qe6 13. Re1 Bd6
14. Bf4 Qd7 15. Bg5 h6 16. Bxf6 gxf6 17. a3 Kh8 18. Qd2 Qf5 19. Nh4 Qg5 20.
Qxg5 fxg5 21. Nf3 Rae8 22. Nb5 g4 23. Nh4 Be7 24. Rxe5 Bxh4 25. Rxe8 Rxe8
26. Nxc7 Re2 27. Rf1 Nc6 28. g3 Bd8 29. Nb5 a6 30. Nc3 Rxc2 31. Na4 b5 32.
Nc3 Rxb2 33. Re1 Kg7 34. Nb1 Bb6 35. Rf1 Nd4 36. Nc3 Nf3+ 37. Kg2 Rb3 38.
Ne4 Rxd3 39. Kh1 Rxa3 40. Kg2 f5 41. Nd6 Kf6 42. Ne8+ Ke7 43. Ng7 Kf7 44.
Nxf5 Kg6 45. Nh4+ Nxh4+ 46. gxh4 Rf3 47. Kg1 a5 48. Rb1 Bxf2+ 49. Kg2 Bxh4
50. Rxb5 a4 51. Rb6+ Kg5 52. Ra6 a3 53. Ra5+ Kf4 54. Ra4+ Ke5 55. Ra5+ Kd4
56. Ra6 Rf2+ 57. Kg1 a2 58. Kh1 Rb2 59. Ra4+ Kc3 60. Ra3+ Kb4 61. Ra6 Rb1+
62. Kg2 a1=Q 63. Rxa1 Rxa1 64. h3 gxh3+ 65. Kxh3 Bf6 66. Kg4 Rh1 67. Kf5 h5
68. Kxf6 h4 69. Kg5 h3 70. Kg4 h2 71. Kg3 Kc3 72. Kg2 Rg1+ 73. Kxh2 Rg8 74.
Kh3 Kd3 75. Kh4 Ke4 76. Kh5 Rg1 77. Kh4 Kf4 78. Kh5 Rg5+ 79. Kh4 Rg7 80.
Kh5 Rg5+ 81. Kh4 Rg8 82. Kh5 Rh8+ 83. Kg6 Ke5 84. Kg5 Rg8+ 85. Kh6 Kf6 86.
Kh5 Rg6 87. Kh4 Kf5 88. Kh5 Rg5+ 89. Kh4 Kf4 90. Kh3 Rg4 91. Kh2 Kf3 92.
Kh3 Kf4 93. Kh2 Rg3 94. Kh1 Kf3 95. Kh2 Kf2 96. Kh1 Rh3# { White checkmated
} 0-1

[Event "ICC tourney 2357 (30 5)"]
[Site "Internet Chess Club"]
[Date "2021.01.30"]
[Round "1"]
[White "GalinaLand"]
[Black "LucaV"]
[Result "0-1"]
[ICCResult "White forfeits on time"]
[WhiteElo "800"]
[BlackElo "516"]
[Opening "Giuoco Pianissimo: Italian four knights variation"]
[ECO "C55"]
[NIC "IG.01"]
[Time "10:26:14"]
[PlyCount "72"]
[TimeControl "1800+5"]

1. e4 e5 2. Nf3 Nc6 3. Bc4 Nf6 4. d3 Bc5 5. Nc3 d6 6. h3 a6 7. a3 h6 8. Be3
Be6 9. Bxe6 fxe6 10. Qd2 Bxe3 11. fxe3 d5 12. Qe2 dxe4 13. dxe4 Qd7 14. O-O
O-O-O 15. Rab1 g5 16. g4 h5 17. Nxg5 hxg4 18. Rxf6 Qg7 19. Nxe6 Qxf6 20.
Nxd8 Qxd8 21. Qxg4+ Kb8 22. Rd1 Qf6 23. Qf5 Qg7+ 24. Kf1 Qg3 25. Qf2 Qxh3+
26. Ke2 Qh5+ 27. Qf3 Qh2+ 28. Ke1 Qg1+ 29. Qf1 Qxe3+ 30. Ne2 Nd4 31. Rd2
Nxc2+ 32. Kd1 Na1 33. Qg1 Qb3+ 34. Ke1 Nc2+ 35. Kf1 Ne3+ 36. Kf2 Rf8+ {
White forfeits on time } 0-1

[Event "ICC tourney 2357 (30 5)"]
[Site "Internet Chess Club"]
[Date "2021.01.30"]
[Round "1"]
[White "SophiaE111M"]
[Black "danieltps281"]
[Result "0-1"]
[ICCResult "White checkmated"]
[WhiteElo "316"]
[BlackElo "719"]
[Opening "KP: Indian opening"]
[ECO "A00"]
[NIC "VO.13"]
[Time "10:26:14"]
[PlyCount "100"]
[TimeControl "1800+5"]

1. d3 e5 2. e4 Nc6 3. d4 exd4 4. Bc4 Nf6 5. Nf3 d5 6. exd5 Nxd5 7. Ng5 Qe7+
8. Be2 Bf5 9. Na3 O-O-O 10. O-O Re8 11. Re1 Qf6 12. Nf3 Qg6 13. Nh4 Qf6 14.
Nf3 Bd6 15. Nb5 Be5 16. Nd6+ Qxd6 17. Nh4 Qf6 18. Nf3 Qg6 19. Nh4 Qe6 20.
Nf3 Bh3 21. gxh3 Qxh3 22. Kh1 Re6 23. Rg1 Rf6 24. Qf1 Qh5 25. Nxe5 Nxe5 26.
Bxh5 Rh6 27. Be2 Rh4 28. Bg4+ f5 29. Bxf5+ Kd8 30. Bg5+ Nf6 31. Bxh4 Nf3
32. Rg3 Nxh4 33. Rh3 Nxf5 34. Rf3 Nh4 35. Rf4 Ng6 36. Rxd4+ Kc8 37. Qd1 Ne5
38. Qd2 Nf3 39. Qd3 Nxd4 40. Qxd4 Rd8 41. Qa4 g5 42. a3 Ng8 43. Qxa7 c6 44.
Qa8+ Kc7 45. Qa5+ Kc8 46. a4 Ne7 47. Ra3 Ng6 48. Rc3 Nf4 49. Rb3 Rd1+ 50.
Qe1 Rxe1# { White checkmated } 0-1

[Event "ICC tourney 2357 (30 5)"]
[Site "Internet Chess Club"]
[Date "2021.01.30"]
[Round "1"]
[White "KingZacAttack"]
[Black "AT2021"]
[Result "0-1"]
[ICCResult "White checkmated"]
[WhiteElo "700"]
[BlackElo "225"]
[Opening "Queen's pawn: Chigorin variation"]
[ECO "D00"]
[NIC "QP.08"]
[Time "10:26:00"]
[PlyCount "142"]
[TimeControl "1800+5"]

1. d4 d5 2. Nc3 Nf6 3. Bf4 Nc6 4. e3 Bg4 5. Nf3 e6 6. Be2 Bb4 7. h3 Bxf3 8.
Bxf3 O-O 9. Qd2 Ne4 10. Qd3 Nxc3 11. bxc3 Ba5 12. O-O Qe7 13. c4 dxc4 14.
Qxc4 e5 15. d5 exf4 16. dxc6 bxc6 17. Bxc6 Rab8 18. exf4 Rb2 19. c3 Rc2 20.
Rac1 Rxc1 21. Rxc1 Qf6 22. Bf3 Re8 23. Bc6 Re6 24. Bd5 Re7 25. Kf1 Bb6 26.
Re1 Rxe1+ 27. Kxe1 h6 28. f3 Qh4+ 29. Kd1 Qe7 30. Be4 Qd7+ 31. Kc2 Be3 32.
Kb3 Bxf4 33. Qb4 Qd1+ 34. Kc4 c6 35. Qe7 g6 36. Qxa7 Qf1+ 37. Bd3 Qe1 38.
Qd7 Be5 39. Qd4 Bxd4 40. Kxd4 Qf2+ 41. Kc4 Qxg2 42. a4 Qxh3 43. a5 Qh4+ 44.
Kc5 Qf2+ 45. Kxc6 Qxf3+ 46. Kc7 Qxd3 47. Kb7 Qxc3 48. a6 Qa3 49. a7 h5 50.
Kb8 h4 51. a8=Q Qxa8+ 52. Kxa8 h3 53. Kb8 h2 54. Kc7 h1=Q 55. Kd8 Qd5+ 56.
Kc7 Qd4 57. Kc6 Qd8 58. Kc5 Qd7 59. Kb6 Qc8 60. Kb5 Qc7 61. Kb4 Qc6 62. Kb3
Qc5 63. Ka4 Qb6 64. Ka3 g5 65. Ka4 g4 66. Ka3 g3 67. Ka2 g2 68. Ka3 Qb5 69.
Ka2 g1=Q 70. Ka3 Qgc5+ 71. Ka2 Qa7# { White checkmated } 0-1

[Event "ICC tourney 2357 (30 5)"]
[Site "Internet Chess Club"]
[Date "2021.01.30"]
[Round "1"]
[White "SAVictoriaA"]
[Black "JaithD"]
[Result "0-1"]
[ICCResult "White checkmated"]
[WhiteElo "455"]
[BlackElo "753"]
[Opening "Giuoco Pianissimo: Italian four knights variation"]
[ECO "C55"]
[NIC "IG.01"]
[Time "10:49:30"]
[PlyCount "90"]
[TimeControl "1800+5"]

1. e4 e5 2. Nf3 Nc6 3. Bc4 Nf6 4. Nc3 Bc5 5. d3 O-O 6. Bg5 h6 7. Bh4 d6 8.
Nd5 Nxe4 9. Bxd8 Bxf2+ 10. Kf1 Rxd8 11. dxe4 Bb6 12. Qd2 Be6 13. Bd3 f5 14.
Ne3 fxe4 15. Bxe4 Na5 16. Qd3 a6 17. Bh7+ Kh8 18. Qg6 Bd7 19. Nf5 Bb5+ 20.
Ke1 Rd7 21. Qe6 Rad8 22. g4 Bc4 23. g5 Bxe6 24. gxh6 gxh6 25. N3h4 Kxh7 26.
Ng3 Bd5 27. Rf1 Rf7 28. Rd1 Rxf1+ 29. Kxf1 Bc4+ 30. Ne2 Rf8+ 31. Ke1 Bf2+
32. Kd2 Bxe2 33. Kxe2 Bxh4 34. Re1 Bxe1 35. Kxe1 e4 36. h4 e3 37. b4 Nc4
38. c3 Rf2 39. a3 Nxa3 40. h5 Kg7 41. Kd1 Kf6 42. Ke1 Kf5 43. Kd1 Ke4 44.
Kc1 Kd3 45. Kd1 Rf1# { White checkmated } 0-1

[Event "ICC tourney 2357 (30 5)"]
[Site "Internet Chess Club"]
[Date "2021.01.30"]
[Round "2"]
[White "AT2021"]
[Black "FierceLeopard"]
[Result "1-0"]
[ICCResult "Black checkmated"]
[WhiteElo "225"]
[BlackElo "715"]
[Opening "Four knights: Spanish, classical defense"]
[ECO "C48"]
[NIC "KP.03"]
[Time "12:50:41"]
[PlyCount "25"]
[TimeControl "1800+5"]

1. e4 e5 2. Nf3 Nc6 3. Nc3 Nf6 4. Bb5 Bc5 5. d3 d6 6. Bg5 O-O 7. Nd5 Bg4 8.
h3 Bxf3 9. Qxf3 h6 10. Nxf6+ gxf6 11. Bxf6 Nd4 12. Qg3+ Kh7 13. Qg7# {
Black checkmated } 1-0

[Event "ICC tourney 2357 (30 5)"]
[Site "Internet Chess Club"]
[Date "2021.01.30"]
[Round "2"]
[White "SeverusSnape18"]
[Black "Tayga"]
[Result "0-1"]
[ICCResult "White checkmated"]
[WhiteElo "570"]
[BlackElo "745"]
[Opening "Scandinavian defense"]
[ECO "B01"]
[NIC "SD.03"]
[Time "12:50:38"]
[PlyCount "24"]
[TimeControl "1800+5"]

1. e4 d5 2. exd5 Nf6 3. Nc3 Nxd5 4. Nxd5 Qxd5 5. b3 Nc6 6. Nf3 Bg4 7. Be2
e5 8. h3 Bh5 9. O-O e4 10. Nh2 Bd6 11. Bxh5 Qe5 12. Qg4 Qxh2# { White
checkmated } 0-1

[Event "ICC tourney 2357 (30 5)"]
[Site "Internet Chess Club"]
[Date "2021.01.30"]
[Round "2"]
[White "Grahamserickson"]
[Black "DylanGimbel"]
[Result "1-0"]
[ICCResult "Black checkmated"]
[WhiteElo "555"]
[BlackElo "212"]
[Opening "Ruy Lopez: Anderssen variation"]
[ECO "C77"]
[NIC "RL.12"]
[Time "12:50:26"]
[PlyCount "51"]
[TimeControl "1800+5"]

1. e4 Nc6 2. Nf3 Nf6 3. Bb5 a6 4. Ba4 e5 5. d3 Bb4+ 6. Nc3 Bxc3+ 7. bxc3 d6
8. Bg5 b5 9. Bb3 Nd5 10. Bxd8 Nxd8 11. Bxd5 Bg4 12. Bxa8 O-O 13. h3 Bxf3
14. Qxf3 Nc6 15. Bxc6 a5 16. d4 exd4 17. cxd4 b4 18. e5 dxe5 19. dxe5 a4
20. Rb1 Re8 21. Bd5 Rf8 22. Rxb4 a3 23. e6 fxe6 24. Bxe6+ Rf7 25. Qxf7+ Kh8
26. Qg8# { Black checkmated } 1-0

[Event "ICC tourney 2357 (30 5)"]
[Site "Internet Chess Club"]
[Date "2021.01.30"]
[Round "2"]
[White "RJMagnus"]
[Black "MilesFlores"]
[Result "1-0"]
[ICCResult "Black checkmated"]
[WhiteElo "464"]
[BlackElo "702"]
[Opening "Queen's gambit declined"]
[ECO "D30"]
[NIC "QO.17"]
[Time "12:50:38"]
[PlyCount "59"]
[TimeControl "1800+5"]

1. d4 e6 2. c4 d5 3. e3 c5 4. Nf3 Nc6 5. cxd5 exd5 6. dxc5 Bxc5 7. Be2 Bg4
8. O-O Bxf3 9. Bxf3 Nf6 10. Nc3 d4 11. exd4 Bxd4 12. Bxc6+ bxc6 13. Bd2
Bxc3 14. Bxc3 Qxd1 15. Rfxd1 O-O 16. Bxf6 gxf6 17. Rd6 Rad8 18. Rxf6 c5 19.
h3 Rd2 20. Re1 Rxb2 21. Re3 Rxa2 22. Rg3+ Kh8 23. h4 Rg8 24. Rxg8+ Kxg8 25.
Kh2 c4 26. Kg3 c3 27. Rc6 c2 28. h5 a5 29. h6 a4 30. Rc8# { Black
checkmated } 1-0

[Event "ICC tourney 2357 (30 5)"]
[Site "Internet Chess Club"]
[Date "2021.01.30"]
[Round "2"]
[White "Chk727"]
[Black "PlanetAntMan"]
[Result "1-0"]
[ICCResult "Black checkmated"]
[WhiteElo "195"]
[BlackElo "756"]
[Opening "QGA: 3.e4"]
[ECO "D20"]
[NIC "QG.04"]
[Time "12:51:03"]
[PlyCount "29"]
[TimeControl "1800+5"]

1. d4 d5 2. c4 dxc4 3. e4 Nf6 4. Bxc4 Nxe4 5. Qf3 Nf6 6. a4 a6 7. Ba2 Bg4
8. Qb3 Bh5 9. Bg5 h6 10. Bxf6 exf6 11. Nc3 b5 12. axb5 axb5 13. Qxb5+ Nd7
14. Qxh5 Bb4 15. Qxf7# { Black checkmated } 1-0

[Event "ICC tourney 2357 (30 5)"]
[Site "Internet Chess Club"]
[Date "2021.01.30"]
[Round "2"]
[White "AlexPS452"]
[Black "LionsMarkR"]
[Result "0-1"]
[ICCResult "White resigns"]
[WhiteElo "832"]
[BlackElo "681"]
[Opening "Queen's pawn: Charlick (Englund) gambit"]
[ECO "A40"]
[NIC "QO.17"]
[Time "12:50:52"]
[PlyCount "40"]
[TimeControl "1800+5"]

1. d4 e5 2. dxe5 Nc6 3. Nf3 Qe7 4. Bf4 Qb4+ 5. Bd2 Qxb2 6. Bc3 Bb4 7. Qd3
Qxa1 8. Bxb4 Qxb1+ 9. Kd2 Nxb4 10. Qc4 a5 11. Ng5 Qxa2 12. Qxc7 Qd5+ 13.
Kc1 Nc6 14. e4 Qa2 15. Bb5 Qa1+ 16. Kd2 Qxh1 17. Bxc6 bxc6 18. Qb6 Qxg2 19.
h4 h6 20. Kd3 hxg5 { White resigns } 0-1

[Event "ICC tourney 2357 (30 5)"]
[Site "Internet Chess Club"]
[Date "2021.01.30"]
[Round "2"]
[White "danieltps281"]
[Black "RowanTheAwesome"]
[Result "0-1"]
[ICCResult "White checkmated"]
[WhiteElo "719"]
[BlackElo "556"]
[Opening "Giuoco Piano: four knights variation"]
[ECO "C42"]
[NIC "RG.01"]
[Time "12:51:03"]
[PlyCount "58"]
[TimeControl "1800+5"]

1. e4 e5 2. Nf3 Nf6 3. Nc3 Bc5 4. Bc4 Nc6 5. O-O O-O 6. Nd5 Nxd5 7. exd5
Ne7 8. c3 d6 9. d4 exd4 10. cxd4 Bb6 11. Qc2 Bf5 12. Bd3 Bxd3 13. Qxd3 Nxd5
14. Ng5 g6 15. Qh3 h5 16. Ne4 Bxd4 17. Bh6 Bg7 18. Bxg7 Kxg7 19. Rad1 Nf4
20. Qe3 Ne6 21. Qg3 d5 22. Ng5 Qxg5 23. Qe5+ Qxe5 24. Rde1 Qg5 25. Re2 Nf4
26. g3 Nxe2+ 27. Kh1 Qe5 28. f4 Qe4+ 29. Rf3 Qxf3# { White checkmated } 0-1

[Event "ICC tourney 2357 (30 5)"]
[Site "Internet Chess Club"]
[Date "2021.01.30"]
[Round "2"]
[White "dplasse"]
[Black "BreacenIsGreat"]
[Result "1-0"]
[ICCResult "Black checkmated"]
[WhiteElo "738"]
[BlackElo "826"]
[Opening "Scandinavian defense"]
[ECO "B01"]
[NIC "SD.03"]
[Time "12:50:39"]
[PlyCount "31"]
[TimeControl "1800+5"]

1. e4 d5 2. exd5 Nf6 3. Nc3 Nxd5 4. Nxd5 Qxd5 5. Nf3 Qe4+ 6. Be2 Bf5 7. d3
Qg4 8. Ne5 Qxg2 9. Bf3 Qh3 10. Bxb7 Qh6 11. Bxh6 gxh6 12. Bxa8 Bg7 13. Qh5
Bxe5 14. Qxf5 e6 15. Qxe5 O-O 16. Rg1# { Black checkmated } 1-0

[Event "ICC tourney 2357 (30 5)"]
[Site "Internet Chess Club"]
[Date "2021.01.30"]
[Round "2"]
[White "aashish1212"]
[Black "BXMSDeku"]
[Result "1-0"]
[ICCResult "Black checkmated"]
[WhiteElo "554"]
[BlackElo "184"]
[Opening "Giuoco Piano"]
[ECO "C54"]
[NIC "IG.02"]
[Time "12:51:15"]
[PlyCount "29"]
[TimeControl "1800+5"]

1. e4 e5 2. Nf3 Nc6 3. Bc4 Bc5 4. c3 Nf6 5. d3 d6 6. Bg5 O-O 7. O-O Bg4 8.
Nbd2 Qd7 9. Bxf6 Bxf3 10. Qxf3 g6 11. Bg5 Na5 12. Bh6 Nxc4 13. Qf6 Bxf2+
14. Rxf2 Nxd2 15. Qg7# { Black checkmated } 1-0